 Dungeon Crawl Stone Soup version 0.29-a0-723-gce39da1c22 (webtiles) character file.

Game seed: 771748850098726906

109 avis the Chopper (level 4, 0/61 HPs)
             Began as a Hill Orc Monk on June 29, 2022.
             Slain by Grinder (5 damage)
             ... on level 3 of the Dungeon.
             The game lasted 00:10:08 (2267 turns).

avis the Chopper (Hill Orc Monk)                    Turns: 2267, Time: 00:10:08

Health: 0/61       AC: 22    Str: 14 (15) XL:     4   Next: 89%
Magic:  4/4        EV:  2    Int:  8 (10) God:
Gold:   113        SH:  0    Dex: 10 (13) Spells: 3/3 levels left

rFire   . . .      SeeInvis .   a - +0 hand axe
rCold   . . .      Faith    .   (no shield)
rNeg    . . .      Spirit   .   (body armour currently unavailable)
rPois   +          Reflect  .   (helmet currently unavailable)
rElec   .          Harm     .   (cloak currently unavailable)
rCorr   .          Rampage  .   (gloves currently unavailable)
Will    .....      NoTele   +   (boots currently unavailable)
Stlth   ++........              (no amulet)
HPRegen 0.20/turn               (no ring)
MPRegen 0.09/turn               (no ring)

@: tree-form
A: stationary, stasis, torment immunity, boosted hp
a: no special abilities


You were on level 3 of the Dungeon.
You were a tree.
You visited 1 branch of the dungeon, and saw 3 of its levels.

You collected 113 gold pieces.

Inventory:

Hand Weapons
 a - a +0 hand axe (weapon)
 b - a +4 flail
 j - a +0 spear
 k - a +0 sling
 n - a +1 short sword of holy wrath
 o - a +0 spear
 u - a +0 spear
 v - a +0 arbalest
Missiles
 c - 3 poisoned darts
 i - 4 boomerangs (quivered)
Armour
 e - a +0 ring mail
 p - a +0 hat
 r - a +0 chain mail (melded)
Jewellery
 t - a +4 ring of evasion
Scrolls
 g - a scroll of noise {unknown}
 s - a scroll of identify {unknown}
 w - a scroll of torment {unknown}
Potions
 f - a potion of degeneration
 q - a potion of brilliance


   Skills:
 + Level 4.8 Fighting
 * Level 6.3 Axes
 - Level 2.4 Dodging
 - Level 1.5 Stealth


You had 3 spell levels left.
You didn't know any spells.
Your spell library was empty.

Dungeon Overview and Level Annotations

Branches:
Dungeon (3/15)

Altars:
Dithmenos

Annotations:
D:3 Grinder


Message History

You hit Grinder.
Grinder is moderately wounded.
Grinder hits you but does no damage.
You hit Grinder.
Grinder is moderately wounded.
Grinder hits you but does no damage.
You slash Grinder!
Grinder is heavily wounded.
Grinder hits you but does no damage.
You hit Grinder but do no damage.
Grinder is heavily wounded.
Grinder hits you.
* * * LOW HITPOINT WARNING * * *
You writhe in agony.
* * * LOW HITPOINT WARNING * * *
You hit Grinder.
Grinder is heavily wounded.
Grinder hits you but does no damage.
Unknown command.
You hit Grinder.
Grinder is heavily wounded.
Grinder hits you but does no damage.
Unknown command.
You hit Grinder.
Grinder is severely wounded.
Grinder hits you.
* * * LOW HITPOINT WARNING * * *
You writhe in agony.
* * * LOW HITPOINT WARNING * * *
Unknown command.
You closely miss Grinder.
Grinder is severely wounded.
Grinder drinks a potion.
Grinder is healed!
Unknown command.
You hit Grinder but do no damage.
Grinder is lightly wounded.
Grinder hits you.
* * * LOW HITPOINT WARNING * * *
You writhe in agony.
You die...

... #........ #........
#........ #........
#........ #........
################.$......
..............).♣>.!....
.###############.5......
.# #........ .#
######### .########
........# ......[.##
...$.....# ...#5....#


You could see Grinder.

Vanquished Creatures
  Terence (D:2)
  An adder (D:2)
  2 gnolls (D:2)
  A dart slug (D:1)
  An orc (D:3)
  3 bats
  3 endoplasms
  3 giant cockroaches
  4 goblins
  7 hobgoblins
  5 jackals (D:2)
  4 kobolds
  8 ball pythons
  4 rats (D:2)
47 creatures vanquished.

Notes
Turn   | Place    | Note
-------+----------+-------------------------------------------
     0 | D:1      | avis the Hill Orc Monk began the quest for the Orb.
     0 | D:1      | Reached XP level 1. HP: 19/19 MP: 1/1
   160 | D:1      | Found a faded altar of an unknown god.
   417 | D:1      | Reached XP level 2. HP: 25/27 MP: 2/2
   563 | D:2      | Noticed Terence
   969 | D:2      | Reached skill level 5 in Axes
   969 | D:2      | Reached XP level 3. HP: 4/33 MP: 3/3
  1390 | D:2      | Found a shadowy altar of Dithmenos.
  1431 | D:2      | Killed Terence
  1432 | D:2      | Reached XP level 4. HP: 41/41 MP: 4/4
  1665 | D:2      | Reached skill level 6 in Axes
  2121 | D:3      | Noticed Grinder
  2151 | D:3      | Paralysed by Grinder for 5 turns
  2165 | D:3      | Paralysed by Grinder for 3 turns
  2187 | D:3      | Paralysed by Grinder for 3 turns
  2224 | D:3      | Paralysed by Grinder for 5 turns
  2252 | D:3      | Paralysed by Grinder for 4 turns
  2257 | D:3      | Paralysed by Grinder for 2 turns
  2267 | D:3      | Slain by Grinder

Illustrated notes

Levels and vault maps discovered:
D:1:      matt_arrival_spirals, layout_rooms,
          shapermc_ecumenical_altar_notcrosses
D:2:      layout_basic, basic_altar, uniq_terence
D:3:      layout_basic, minmay_fractal_squares_5, uniq_grinder

Skill      XL: |  1  2  3  4 |
---------------+-------------+-----
Fighting       | 4 |  4.8
Axes           | 5 6 |  6.3
Dodging        | |  2.4
Stealth        | |  1.5

Action                   |  1- 3 |  4- 6 || total
-------------------------+-------+-------++-------
Melee: Hand axe          |    78 |   139 ||   217
       Punch             |     1 |     1 ||     2
 Fire: Sling             |     1 |       ||     1
       Arbalest          |       |     1 ||     1
Evoke: Wand              |     1 |     1 ||     2
  Use: Potion            |       |     8 ||     8
 Stab: Paralysed         |     8 |       ||     8
Armor: Ring mail         |    21 |       ||    21
       Chain mail        |       |    88 ||    88
       Skin              |       |     7 ||     7
Dodge: Dodged            |    41 |    38 ||    79

Table legend: (Time is in decaauts)
 A = Elapsed time spent in this place.
 B = Non-inter-level travel time spent in this place.
 C = Inter-level travel time spent in this place.
 D = Time resting spent in this place.
 E = Time spent auto-exploring this place.
 F = Levels seen in this place.
 G = Mean time per level.
                   A        B        C        D        E       F      G
               +--------+--------+--------+--------+--------+-----+--------+
         Total |   2271 |   1985 |    286 |    465 |    856 |   3 |  757.0 |
       Dungeon |   2271 |   1985 |    286 |    465 |    856 |   3 |  757.0 |
               +--------+--------+--------+--------+--------+-----+--------+

Top non-repeatable levels by time:
     D:2: 1144 daAuts
     D:1: 968 daAuts
     D:3: 158 daAuts
